 Dungeon Crawl Stone Soup version 0.22.0-18-ge075c0d (webtiles) character file.

107 sw3dish the Chopper (level 4, -7/41 HPs)
             Began as a Hill Orc Monk on Aug 18, 2018.
             Was a Believer of Beogh.
             Mangled by an orc warrior
             ... wielding a +0 halberd
              (17 damage)
             ... on level 3 of the Dungeon.
             The game lasted 00:04:59 (2675 turns).

sw3dish the Chopper (Hill Orc Monk)                 Turns: 2675, Time: 00:04:59

Health: -7/41      AC:  7    Str: 14    XL:     4   Next: 85%
Magic:  2/4        EV: 11    Int: 10    God:    Beogh [**....]
Gold:   97         SH:  0    Dex: 13    Spells: 3/3 levels left

rFire    . . .     SeeInvis .   a - +0 hand axe
rCold    . . .     Gourm    .   (no shield)
rNeg     . . .     Faith    .   k - +0 ring mail
rPois    .         Spirit   .   (no helmet)
rElec    .         Reflect  .   b - +0 cloak
rCorr    .         Harm     .   i - +0 pair of gloves
MR       .....                  (no boots)
Stlth    +.........             (no amulet)
HPRegen  0.13/turn              (no ring)
MPRegen  0.09/turn              (no ring)

@: slowed, very slow
A: no striking features
a: Smiting, Renounce Religion


You were on level 3 of the Dungeon.
You worshipped Beogh.
Beogh was pleased with you.
You were not hungry.

You visited 1 branch of the dungeon, and saw 3 of its levels.

You collected 97 gold pieces.

Inventory:

Hand Weapons
 a - a +0 hand axe (weapon)
Armour
 b - a +0 cloak (worn)
 i - a +0 pair of gloves (worn)
 k - a +0 ring mail (worn)
Wands
 l - a wand of polymorph (18)
Scrolls
 e - 2 scrolls of fog {unknown}
 g - 2 scrolls of enchant armour {unknown}
 j - a scroll of blinking {unknown}
 n - 2 scrolls of identify {unknown}
 o - a scroll of teleportation {unknown}
Potions
 d - 2 potions of lignification {unknown}
 f - a potion of might {unknown}
 h - a potion of invisibility {unknown}
 m - a potion of ambrosia {unknown}
 p - a potion of curing {unknown}
Comestibles
 c - 7 rations


   Skills:
 * Level 4.6 Fighting
 * Level 5.3 Axes
 + Level 1.3 Armour
 + Level 2.7 Dodging
 - Level 2.0 Stealth
 + Level 0.9 Invocations


You had 3 spell levels left.
You didn't know any spells.
Your spell library was empty.

Dungeon Overview and Level Annotations

Branches:
Dungeon (3/15)

Altars:
Sif Muna
Uskayaw


Message History

You don't have enough magic at the moment.
You hit the orc wizard but do no damage.
The orc wizard is almost dead.
You hit the worm.
The orc wizard hits you but does no damage.
The orc warrior barely misses you.
You closely miss the orc wizard.
The orc wizard is severely wounded.
You hit the worm.
The orc wizard hits you but does no damage.
The worm misses you.
The orc warrior hits you but does no damage.
You closely miss the orc wizard.
The orc wizard is severely wounded.
You hit the worm.
The orc wizard points at you and mumbles some strange words.
You feel yourself slow down.
The orc warrior hits you from afar with a halberd!
You die...
Beogh appreciates the orc warrior's killing of a heretic priest.

#..#.#
####..#.#
..#..#.#####.#
#.#..#....ooo.
##.#..#.#
#.##.....#o#
#....#...oo#
.###....w######
##.#@.g......
#.#o########
#.#.# #.#.# #.#
#.# #.# #.# #.#


You could see an orc warrior, a worm, an orc wizard, 2 orcs and a goblin.

Vanquished Creatures
  Jessica (D:2)
  An adder (D:2)
  2 oozes
  2 dart slugs
  An orc (D:2)
  4 giant cockroaches
  7 goblins
  9 hobgoblins
  4 quokkas
  5 ball pythons
  6 bats
  4 frilled lizards
  10 kobolds
  A rat (D:2)
57 creatures vanquished.

Vanquished Creatures (others)
  A goblin (D:2)
  A hobgoblin (D:2)
  A kobold (D:2)
  A frilled lizard (D:2)
  2 rats (D:2)
6 creatures vanquished.

Grand Total: 63 creatures vanquished

Notes
Turn   | Place    | Note
-------+----------+-------------------------------------------
     0 | D:1      | sw3dish the Hill Orc Monk began the quest for the Orb.
     0 | D:1      | Reached XP level 1. HP: 19/19 MP: 1/1
   424 | D:1      | Found a hide-covered altar of Uskayaw.
   438 | D:1      | Reached XP level 2. HP: 16/27 MP: 2/2
   903 | D:1      | Reached XP level 3. HP: 29/33 MP: 3/3
  1703 | D:2      | Became a worshipper of Beogh the Brigand
  1703 | D:2      | Reached * piety under Beogh
  1703 | D:2      | Reached ** piety under Beogh
  1777 | D:2      | Reached skill level 1 in Armour
  1999 | D:2      | Noticed Jessica
  2005 | D:2      | Killed Jessica
  2005 | D:2      | Reached skill level 5 in Axes
  2005 | D:2      | Reached XP level 4. HP: 41/41 MP: 4/4
  2169 | D:2      | Found a deep blue altar of Sif Muna.
  2656 | D:3      | Noticed an orc warrior
  2675 | D:3      | Mangled by an orc warrior

Skill      XL: |  1  2  3 |
---------------+----------+-----
Fighting       | 4 |  4.6
Stealth        | 2 |  2.0
Armour         | 1 |  1.3
Axes           | 5 |  5.3
Dodging        | |  2.7
Invocations    | |  0.9

Action                   |  1- 3 |  4- 6 || total
-------------------------+-------+-------++-------
Melee: Hand axe          |   158 |    52 ||   210
Invok: Convert to Beogh  |     1 |       ||     1
       Smiting           |       |     2 ||     2
 Stab: Sleeping          |     5 |     1 ||     6
  Eat: Chunk             |     3 |     3 ||     6
Armor: Robe              |     9 |       ||     9
       Ring mail         |    20 |    29 ||    49
       Leather armour    |     9 |       ||     9
Dodge: Dodged            |   107 |    39 ||   146
